 Dungeon Crawl Stone Soup version 0.31-a0-845-g9abc20d24f (webtiles) character file.

Game seed: 3211331462696075908

560 Dirtsage the Chopper (level 7, 52/52 HPs)
             Began as a Demonspawn Berserker on Oct 1, 2023.
             Was a Priest of Trog.
             Quit the game on level 4 of the Dungeon.
             The game lasted 00:04:17 (3396 turns).

Dirtsage the Chopper (Demonspawn Berserker)         Turns: 3396, Time: 00:04:18

Health: 52/52      AC:  7    Str: 19    XL:     7   Next: 9%
Magic:  7/7        EV: 11    Int:  8    God:    Trog [***...]
Gold:   198        SH:  4    Dex: 17    Spells: 6/6 levels left

rFire   . . .        v - +2 hand axe (flame)
rCold   . . .        (no shield)
rNeg    . . .        q - +2 ring mail {Will+}
rPois   .            p - +0 hat
rElec   .            (no cloak)
rCorr   +            (no gloves)
SInv    .            (no boots)
Will    +....        (no amulet)
Stlth   +++          i - ring of flight
HPRegen 0.28/turn    C - ring of resist corrosion
MPRegen 0.20/turn

%: no passive effects
@: flying
A: thin skeletal structure 2, magic regeneration, condensation shield, demonic
touch 1
a: Renounce Religion, Berserk, Trog's Hand


You were on level 4 of the Dungeon.
You worshipped Trog.
Trog was most pleased with you.
You visited 1 branch of the dungeon, and saw 4 of its levels.

You collected 198 gold pieces.

Inventory:

Hand Weapons
 a - a +0 hand axe
 v - a +2 hand axe of flaming (weapon)
Armour
 b - a +0 animal skin
 l - a +0 ring mail
 p - a +0 hat (worn)
 q - a +2 ring mail of willpower (worn)
Jewellery
 i - a ring of flight (left hand)
 C - a ring of resist corrosion (right hand)
Wands
 w - a wand of iceblast (8)
 D - a wand of digging (8)
Scrolls
 c - 2 scrolls of revelation {unknown}
 d - a scroll of teleportation {unknown}
 e - 2 scrolls of fear {unknown}
 f - a scroll of vulnerability {unknown}
 g - a scroll of poison {unknown}
 h - a scroll of amnesia {unknown}
 j - a scroll of enchant weapon {unknown}
 k - 2 scrolls of fog {unknown}
 t - a scroll of enchant armour {unknown}
 u - a scroll of identify {unknown}
Potions
 m - 2 potions of curing {unknown}
 n - a potion of resistance {unknown}
 o - 2 potions of attraction {unknown}
 r - 2 potions of heal wounds {unknown}
 s - a potion of invisibility {unknown}


   Skills:
 - Level 3.0 Fighting
 + Level 7.5 Axes
 - Level 1.7 Armour
 - Level 1.7 Dodging


You had 6 spell levels left.
You didn't know any spells.
Your spell library contained the following spells:

 Spells                   Type           Power      Damage    Failure   Level
 Apportation              Tloc           0%         N/A       58%         1
 Shock                    Conj/Air       0%         1d3       58%         1
 Jinxbite                 Hex            0%         N/A       75%         2
 Swiftness                Air            0%         N/A       92%         3
 Tukima's Dance           Hex            0%         N/A       92%         3
 Airstrike                Air            0%         2d(0-16)  100%        4
 Dimensional Bullseye     Hex/Tloc       0%         N/A       100%        4
 Iskenderun's Mystic Bla  Conj/Tloc      0%         2d3       100%        4
 Alistair's Intoxication  Tmut/Pois      0%         N/A       100%        5


Dungeon Overview and Level Annotations

Branches:
Dungeon (4/15)
 Temple: D:4-7

Altars:
Dithmenos
Sif Muna
Xom
Yredelemnul


Innate Abilities, Weirdness & Mutations

You have a moderately thin skeletal structure. (Dex +4, Stealth++)
You regenerate magic rapidly.
A meltable shield of frost defends you. (SH +4)
Your touch may inflict minor irresistible damage on your foes.


Message History

You hit the scorpion. You burn the scorpion.
The scorpion is severely wounded.
You feel sick. The scorpion stings you.
You take 5 damage, and have 36/47 hp.
You barely miss the scorpion.
The scorpion is severely wounded.
You feel sick.
The scorpion stings you but does no damage.
You take 1 damage, and have 35/47 hp.
You barely miss the scorpion.
The scorpion is severely wounded.
You feel sick. The scorpion closely misses you.
You take 1 damage, and have 34/47 hp.
You barely miss the scorpion. Your touch misses the scorpion.
The scorpion is severely wounded.
You feel sick. The scorpion misses you.
You take 1 damage, and have 33/47 hp.
You barely miss the scorpion.
The scorpion is severely wounded.
You feel sick. The scorpion closely misses you.
You hit the scorpion but do no damage.
You touch the scorpion.
You kill the scorpion!
Trog accepts your kill.
You feel sick.
You have reached level 7!
Your demonic ancestry asserts itself...
Frost condenses into a shield before you.
You regained 2 hp, and now have 35/52 hp.
MP restored: 7 You feel sick.
You are no longer poisoned.
You reach down and open the door.
There is an open door here.
You now have 179 gold pieces (gained 9).
You now have 191 gold pieces (gained 12).
You now have 198 gold pieces (gained 7).
There is an open door here.
Found a shimmering altar of Xom.
Health restored: 52 Are you sure you want to abandon this character and quit the game? (Confirm with "yes".)

............).(...# #.#
#.#.#.........#######.# #
#.............# #.(..####
##.#.........####.##.....
#.######.#..........)###
...........#######.....
########.#.#.....#...##
_..######...#.....#..##
#.....@....'.._..#..# #
...######...#.....#.## #
#...#.....#.# #
#...#######.# #
#######...........# #
............####### #
#######.##### ##### #
#.#######...## #
#........###.###


There were no monsters in sight!

Vanquished Creatures
  The ghost of eyesofgods1 the Twirler, an amateur DjGl (D:3)
  An ogre (D:4)
  A phantom (D:3)
  A scorpion (D:4)
  A hound (D:4)
  3 gnolls (D:4)
  7 adders
  An ufetubus (D:3)
  3 worms
  4 dart slugs
  An orc (D:4)
  7 ball pythons
  7 endoplasms
  4 giant cockroaches
  4 goblins
  9 hobgoblins
  4 quokkas
  6 bats
  3 frilled lizards
  6 kobolds
  3 rats (D:1)
77 creatures vanquished.

Notes
Turn   | Place    | Note
-------+----------+-------------------------------------------
     0 | D:1      | Dirtsage the Demonspawn Berserker began the quest for the
                  | Orb.
     0 | D:1      | Reached XP level 1. HP: 18/18 MP: 1/1
     6 | D:1      | Noticed a hog
     6 | D:1      | Noticed a swamp worm
     7 | D:1      | Noticed a polar bear
     7 | D:1      | Noticed an anaconda
   199 | D:1      | Reached skill level 3 in Axes
   228 | D:1      | Gained mutation: You regenerate magic rapidly. [demonic
                  | ancestry]
   228 | D:1      | Reached XP level 2. HP: 24/24 MP: 2/2
   809 | D:2      | Gained mutation: You have a somewhat thin skeletal
                  | structure. (Dex +2, Stealth+) [demonic ancestry]
   809 | D:2      | Reached XP level 3. HP: 28/29 MP: 3/3
   888 | D:2      | Reached ** piety under Trog
   919 | D:2      | Reached skill level 4 in Axes
  1375 | D:2      | You are sucked into a shaft and drop 2 floors!
  1484 | D:4      | Found a shimmering blue altar of Sif Muna.
  1504 | D:4      | Gained mutation: You have a moderately thin skeletal
                  | structure. (Dex +4, Stealth++) [demonic ancestry]
  1504 | D:4      | Reached XP level 4. HP: 32/35 MP: 4/4
  1517 | D:4      | Noticed an ogre
  1527 | D:4      | Killed an ogre
  1528 | D:4      | Reached skill level 5 in Axes
  1528 | D:4      | Gained mutation: Your touch may inflict minor irresistible
                  | damage on your foes. [demonic ancestry]
  1528 | D:4      | Reached XP level 5. HP: 41/41 MP: 5/5
  1743 | D:3      | Found a runed translucent gate.
  1743 | D:3      | Found a runed translucent gate.
  1745 | D:3      | Found a runed translucent gate.
  1745 | D:3      | Noticed eyesofgods1's ghost (amateur DjGl)
  1840 | D:3      | Noticed a phantom
  2563 | D:3      | Reached skill level 6 in Axes
  2993 | D:3      | Killed a phantom
  2994 | D:3      | Reached XP level 6. HP: 47/47 MP: 6/6
  2997 | D:3      | Killed eyesofgods1's ghost
  2998 | D:3      | Reached skill level 7 in Axes
  3235 | D:4      | Found a basalt altar of Yredelemnul.
  3237 | D:4      | Found a shadowy altar of Dithmenos.
  3305 | D:4      | Reached *** piety under Trog
  3306 | D:4      | Gained mutation: A meltable shield of frost defends you.
                  | (SH +4) [demonic ancestry]
  3306 | D:4      | Reached XP level 7. HP: 35/52 MP: 7/7
  3395 | D:4      | Found a shimmering altar of Xom.
  3396 | D:4      | Quit the game

Illustrated notes

Levels and vault maps discovered:
D:1:      onia_arrival_zoo_common, layout_loops_ring, reono_crystal_passage
D:2:      layout_loops_corners, grunt_ministairs_15, serial_bayou_pond_e,
          minivault_4
D:3:      layout_loops_ring, serial_aquarium, aquarium_bridge_island_small
          [aquarium_subvault_small_water, aquarium_subvault_wall,
          aquarium_subvault_wall, aquarium_subvault_wall,
          aquarium_subvault_bridge], aquarium_bridge_square
          [aquarium_subvault_wall, aquarium_subvault_bridge,
          aquarium_subvault_window, aquarium_subvault_bridge],
          aquarium_window_fake, aquarium_window_2, aquarium_view_2b,
          aquarium_view_2d, aquarium_balcony_3a, aquarium_pool_1,
          gammafunk_ghost_split
D:4:      layout_loops_ring, minitemple, amcnicky_altar_gilded,
          lemuel_crystal_altar

Skill      XL: |  1  2  3  4  5  6 |
---------------+-------------------+-----
Axes           | 3 4 5 6 7 |  7.5
Fighting       | |  3.0
Armour         | |  1.7
Dodging        | |  1.7

Action                     |  1- 3 |  4- 6 |  7- 9 || total
---------------------------+-------+-------+-------++-------
  Melee: Hand axe          |   114 |    98 |       ||   212
         Punch             |     1 |     2 |       ||     3
         Touch             |       |    16 |       ||    16
 Invoke: Berserk           |     1 |     3 |       ||     4
   Stab: Sleeping          |     3 |     8 |       ||    11
 Armour: Animal skin       |    44 |       |       ||    44
         Ring mail         |     8 |    47 |       ||    55
  Dodge: Dodged            |    81 |    49 |       ||   130

Table legend: (Time is in decaauts)
 A = Elapsed time spent in this place.
 B = Non-inter-level travel time spent in this place.
 C = Inter-level travel time spent in this place.
 D = Time resting spent in this place.
 E = Time spent auto-exploring this place.
 F = Levels seen in this place.
 G = Mean time per level.
                   A        B        C        D        E       F      G
               +--------+--------+--------+--------+--------+-----+--------+
         Total |   3445 |   3376 |     69 |    120 |   2617 |   4 |  861.2 |
       Dungeon |   3445 |   3376 |     69 |    120 |   2617 |   4 |  861.2 |
               +--------+--------+--------+--------+--------+-----+--------+

Top non-repeatable levels by time:
     D:2: 987 daAuts
     D:3: 978 daAuts
     D:1: 819 daAuts
     D:4: 660 daAuts
